 Dungeon Crawl Stone Soup version 0.19-a0-926-g4486784 (webtiles) character file.

55 Jaxo the Caller (level 3, -1/19 HPs)
             Began as a Tengu Summoner on July 6, 2016.
             Was an Initiate of Nemelex Xobeh.
             Slain by Jaxo's ghost (4 damage)
             ... on level 3 of the Dungeon.
             The game lasted 00:18:10 (3107 turns).

Jaxo the Caller (Tengu Summoner)                    Turns: 3107, Time: 00:18:10

Health: -1/19      AC:  4    Str:  7 (8)  XL:     3   Next: 93%
Magic:  4/8        EV: 13    Int: 13 (16) God:    Nemelex Xobeh [......]
Gold:   140        SH:  0    Dex: 16 (18) Spells: 3 memorised, 1 level left

rFire  . . .     SeeInvis .     o - +0 trident
rCold  . . .     Gourm    .     m - +0 robe
rNeg   + . .     Faith    .     (no shield)
rPois  .         Spirit   .     t - +2 hat
rElec  .         Dismiss  .     (no cloak)
rCorr  .         Reflect  .     (no gloves)
SustAt .         Harm     .     (boots unavailable)
MR     .....                    (no amulet)
Stlth  ++........               s - +4 ring of dexterity
                                h - ring of positive energy

@: not resistant to hostile enchantments, unstealthy
A: beak, talons 3
a: Renounce Religion


You were on level 3 of the Dungeon.
You worshipped Nemelex Xobeh.
Nemelex Xobeh was noncommittal.
You were not hungry.

You visited 1 branch of the dungeon, and saw 3 of its levels.

You collected 140 gold pieces.

Inventory:

Hand Weapons
 d - a +0 dagger
 o - a +0 trident (weapon)
Missiles
 g - 59 stones (quivered)
 k - 25 poisoned needles
Armour
 a - a +0 robe
 j - a +0 robe
 m - a +0 robe (worn)
 t - a +2 hat (worn)
Jewellery
 h - a ring of positive energy (left hand)
 s - a +4 ring of dexterity (right hand)
Scrolls
 f - a scroll of remove curse
 i - 2 scrolls of fear
 p - a scroll of noise
Potions
 l - a potion of curing
Books
 b - a book of Callings

   Spells                             Type                      Level
   a - Summon Small Mammal            Summoning                    1
   b - Call Imp                       Summoning                    2
   c - Call Canine Familiar           Summoning                    3
   d - Summon Guardian Golem          Hexes/Summoning              3
   e - Summon Lightning Spire         Summoning/Air                4
   f - Summon Ice Beast               Ice/Summoning                4
Miscellaneous
 e - a plain deck of destruction {drawn: 1}
Comestibles
 c - a bread ration
 n - a beef jerky
 q - a meat ration


   Skills:
 + Level 0.2 Fighting
 + Level 0.2 Polearms
 + Level 2.6 Dodging
 + Level 2.1 Stealth
 + Level 2.6 Spellcasting
 + Level 5.6 Summonings


You had one spell level left.
You knew the following spells:

 Your Spells              Type           Power        Failure   Level  Hunger
a - Summon Small Mammal   Summ           ###.         2%          1    #......
b - Call Imp              Summ           ###.....     4%          2    ###....
c - Summon Guardian Gole  Hex/Summ       #.......     28%         3    ###....


Dungeon Overview and Level Annotations

Branches:
Dungeon (3/15)

Altars:
Gozag
Nemelex Xobeh
Trog

Annotations:
D:3 Jaxo's ghost, amateur HuFi


Innate Abilities, Weirdness & Mutations

You have a beak for a mouth.
You have claws for feet.


Message History

You closely miss Jaxo's ghost. Jaxo's ghost hits you.
You swap places.
Found a throwing net.
Casting: Summon Guardian Golem
Confirm with . or Enter, or press ? or * to list all spells.
Jaxo's ghost hits you.
Casting: Summon Small Mammal
Confirm with . or Enter, or press ? or * to list all spells.
Jaxo's ghost hits you!
* * * LOW HITPOINT WARNING * * *
Your quokka bites Jaxo's ghost but does no damage.
Your quokka bites Jaxo's ghost but does no damage.
You swap places.
Jaxo's ghost barely misses you.
Your quokka closely misses Jaxo's ghost.
Your quokka bites Jaxo's ghost but does no damage.
Your quokka bites Jaxo's ghost but does no damage.
An adder comes into view.
Your quokka bites Jaxo's ghost.
Jaxo's ghost hits you.
You die...
Your body disappears without a glow.

#### ####### ..#
....##..... ....#
.........# ....
####.##.##.###'####
...(.....8.........
..S.....rr.........
#.....@W#.....#####
#######.....##....#
. #.###.##.##.# .
#.# #.....#.# . #.#
#######.# # #.# #.#
# #.# #.# # #.#
#.##### #.# #.#....


You could see Jaxo's ghost, an adder, a friendly guardian golem and 2 friendly
quokkas.

Vanquished Creatures
  2 adders
  2 oozes
  A worm (D:2)
  A giant gecko (D:2)
  4 bats (D:2)
  2 goblins
  2 jackals (D:3)
  3 kobolds (D:2)
  A giant newt (D:1)
  7 rats
25 creatures vanquished.

Vanquished Creatures (collateral kills)
  2 bats
  A giant cockroach (D:2)
  4 goblins (D:1)
  4 hobgoblins
  4 kobolds
  A giant newt (D:1)
  2 rats (D:1)
18 creatures vanquished.

Grand Total: 43 creatures vanquished

Notes
Turn   | Place    | Note
-------+----------+-------------------------------------------
     0 | D:1      | Jaxo the Tengu Summoner began the quest for the Orb.
     0 | D:1      | Reached XP level 1. HP: 10/10 MP: 4/4
   166 | D:1      | Reached skill level 5 in Summonings
   270 | D:1      | Reached XP level 2. HP: 15/15 MP: 3/6
   365 | D:1      | Learned a level 2 spell: Call Imp
  1652 | D:2      | Reached XP level 3. HP: 19/19 MP: 2/7
  1758 | D:2      | Learned a level 3 spell: Summon Guardian Golem
  1972 | D:2      | Found a bloodstained altar of Trog.
  1972 | D:2      | Found a sparkling altar of Nemelex Xobeh.
  2499 | D:2      | Became a worshipper of Nemelex Xobeh the Trickster
  2607 | D:3      | Received a gift from Nemelex Xobeh
  2816 | D:3      | Found an opulent altar of Gozag.
  3093 | D:3      | Noticed Jaxo's ghost (amateur HuFi)
  3107 | D:3      | Slain by Jaxo's ghost

Vault maps used:
D:1:      minmay_arrival_arboretum_small
D:2:      gammafunk_temple_overflow_pools, minmay_hedge_maze
D:3:      marbit_many_paths, lemuel_round_altar, uniq_natasha

Skill      XL: |  1 |
---------------+----+-----
Summonings     | 5 |  5.6
Fighting       | |  0.2
Polearms       | |  0.2
Dodging        | |  2.6
Stealth        | |  2.1
Spellcasting   | |  2.6

Action                   || total
-------------------------++-------
Melee: Unarmed           ||     4
       Dagger            ||    13
       Peck              ||    11
       Trident           ||    71
       Kick              ||    20
Throw: Stone             ||     3
 Cast: Summon Small Mamm ||    80
       Summon Guardian G ||     4
Evoke: Deck              ||     1
  Use: Scroll            ||     6
       Potion            ||     3
 Stab: Distracted        ||     1
  Eat: Bread ration      ||     1
       Meat ration       ||     1
Armor: Robe              ||    16
Dodge: Dodged            ||    61
